[Event "*** Titled Tuesday Blitz"]
[Site "Chess.com"]
[Date "2021.04.20"]
[Round "9"]
[White "anon481216"]
[Black "PowerThinking2650"]
[Result "1/2-1/2"]
[WhiteElo "2535"]
[BlackElo "2404"]
[TimeControl "180+1"]
[EndTime "11:45:09 PDT"]
[Termination "Game drawn by repetition"]

1. d4 Nf6 2. c4 g6 3. Nc3 Bg7 4. e4 d6 5. Nf3 O-O 6. Be2 e5 7.
d5 a5 8. Bg5 h6 9. Bh4 Qe8 10. Nd2 Na6 11. O-O Nh7 12. a3 Bd7 13. Kh1 a4 14. Nb5 Bxb5 15. cxb5 Nc5 16. f3 h5 17. Bf2 b6 18. Qc2 Bh6 19. Nc4 Qe7 20.
Rad1 h4 21. g3 Nf6 22. Kg2 Nh5 23. Ne3 Bg5 24. Bc4 Kg7 25. Bg1 Rh8 26. Rde1 hxg3 27. hxg3 Nxg3 28. Kxg3 Bh4+ 29. Kg2 Bxe1 30. Rxe1 Qh4 31.
Kf1 Rh5 32. Bf2 Qf4 33. Be2 Rah8 34. Bd1 Rh1+ 35. Ke2 R8h3 36. Kd2 Rxe1 37. Kxe1 Nb3 38. Ng4 Nd4 39. Bxd4 exd4 40. Qf2 Rh1+ 41. Ke2 Qc1 42.
Qxd4+ Kg8 43. Nf6+ Kf8 44. Ng4 Kg8 45. Nf6+ Kf8 46.
Ng4 Kg8 1/2-1/2

[Event "*** Titled Tuesday Blitz"]
[Site "Chess.com"]
[Date "2021.04.20"]
[Round "9"]
[White "tteshan"]
[Black "AsaHoffmann"]
[Result "0-1"]
[WhiteElo "2246"]
[BlackElo "2352"]
[TimeControl "180+1"]
[EndTime "11:45:09 PDT"]
[Termination "AsaHoffmann won by resignation"]

1. e4 d6 2. d4 Nf6 3. Nc3 c6 4. f4 Qa5 5. Bd3 e5 6. dxe5 dxe5 7. f5 b5 8. Bd2 Qb6 9. Nf3 Bc5 10. Qe2 Nbd7 11.
Nd1 a5 12. Be3 a4 13. Bxc5 Qxc5 14. Qe3 Qxe3+ 15. Nxe3 Ke7 16. O-O-O Re8 17. g4 h6 18. h4 Ng8 19. g5 Kf8 20. Be2 Nc5 21. Nd2 Ba6 22.
Rdf1 f6 23. gxh6 Nxh6 24. Bh5 Red8 25. Rfg1 b4 26. Bf3 Rd4 27. Rg2 Rad8 28. Rhg1 R8d7 29. c3 bxc3 30. bxc3 Rd3 31. Nd1 a3 32. Kc2 Bb5 33.
Bh5 Ba4+ 34. Kc1 Bxd1 35. Bxd1 Rxc3+ 36. Kb1 Rcd3 37. Kc1 R3d4 38. Bc2 Nd3+ 39. Bxd3 Rxd3 40. Kc2 Rh3 41. Nc4 Rxh4 42. Re2 Rd4 43. Nxa3 Rhxe4 44. Rge1 Rxe2+ 45. Rxe2 Nxf5 46. Nb1 Kf7 47. Rh2 Ra4 48. Nc3 Rh4 49. a4 Rxh2+ 0-1

[Event "*** Titled Tuesday Blitz"]
[Site "Chess.com"]
[Date "2021.04.20"]
[Round "9"]
[White "Rytenko_V"]
[Black "secretsuperstar7"]
[Result "1-0"]
[WhiteElo "2341"]
[BlackElo "2232"]
[TimeControl "180+1"]
[EndTime "11:45:09 PDT"]
[Termination "Rytenko_V won by resignation"]

1. d4 Nf6 2. c4 e6 3. Nc3 Bb4 4. Bd2 d5 5. Nf3 O-O 6. e3 c5 7.
a3 Bxc3 8. Bxc3 cxd4 9. Bxd4 Nc6 10. Be2 Nxd4 11. Qxd4 dxc4 12. Bxc4 Bd7 13. Ne5 Ba4 14. Qxd8 Rfxd8 15. b3 Be8 16. O-O a6 17. Rfd1 Ne4 18. Nf3 b5 19. Bd3 Nc3 20. Rd2 h6 21. Kf1 Rac8 22. Ke1 Bc6 23. Rc1 Bd5 24. b4 Na4 25. Rxc8 Rxc8 26. e4 Bb3 27. Nd4 Rc1+ 28. Ke2 Nc3+ 29.
Kf3 Bc4 30. Bxc4 bxc4 31. Rc2 Rxc2 32. Nxc2 Nb5 33. e5 f6 34. Ke4 f5+ 35. Ke3 Kf7 36. a4 Nc3 37. a5 Nb5 38. Nd4 c3 39.
Nxb5 c2 40. Kd2 axb5 41. a6 1-0

[Event "*** Titled Tuesday Blitz"]
[Site "Chess.com"]
[Date "2021.04.20"]
[Round "9"]
[White "Igor_Lysyj"]
[Black "GelmanAlexander"]
[Result "1-0"]
[WhiteElo "2768"]
[BlackElo "2586"]
[TimeControl "180+1"]
[EndTime "11:45:10 PDT"]
[Termination "Igor_Lysyj won on time"]

1. d4 Nf6 2. c4 c5 3. d5 b5 4.
cxb5 a6 5. e3 e6 6. dxe6 fxe6 7.
Nc3 d5 8. Nf3 Bd6 9. e4 Bc7 10.
exd5 exd5 11. Bg5 Be6 12. bxa6 O-O 13. Be2 Nxa6 14. O-O h6 15. Bh4 Nb4 16. a3 Nc6 17. Bb5 Ne7 18. Re1 Bg4 19. h3 Bh5 20. Qe2 Ng6 21. Bxf6 Rxf6 22. Nxd5 Rxf3 23. gxf3 Qg5+ 24. Kh1 Be5 25. Qe4 Rf8 26. Re3 Bd4 27. Rg1 Qd8 28. Bc4 Kh8 29. Rxg6 Bxg6 30. Qxg6 Bxe3 31. fxe3 Qh4 32.
Kg2 Qe1 33. Bd3 Qd2+ 34. Kg3 Qe1+ 35. Kg2 Qd2+ 36. Kg1 Qd1+ 37. Bf1 Qxd5 38. Bd3 Qg8 39. Be4 Rf6 40. Qg4 Qd8 41. Kg2 Rd6 42. Qf5 1-0

[Event "*** Titled Tuesday Blitz"]
[Site "Chess.com"]
[Date "2021.04.20"]
[Round "9"]
[White "dhaessel"]
[Black "Serly25"]
[Result "0-1"]
[WhiteElo "2050"]
[BlackElo "1958"]
[TimeControl "180+1"]
[EndTime "11:45:10 PDT"]
[Termination "Serly25 won on time"]

1. d4 Nf6 2. c4 d6 3. Nf3 g6 4. Nc3 Bg7 5. e4 O-O 6. Be2 Nbd7 7. O-O e5 8. h3 Re8 9. d5 Nc5 10. Qc2 a5 11. Be3 Nh5 12. Rfe1 f5 13. Bxc5 dxc5 14. exf5 Bxf5 15. Bd3 Bxd3 16. Qxd3 Nf4 17.
Qe3 Qf6 18. Ne4 Qf5 19. d6 Qd7 20. Rad1 cxd6 21. Rxd6 Qf7 22. b3 Rac8 23. Red1 Ne6 24. Rd7 Re7 25. Rxe7 Qxe7 26. Rd5 Rd8 27. Rxd8+ Qxd8 28. Nxc5 Nxc5 29. Qxc5 e4 30. Ne1 Qd1 31. Kf1 Qd2 32.
Qc8+ Kf7 33. Qxb7+ Kg8 34. Qd5+ Qxd5 35. cxd5 Kf7 36.
Nc2 Ke7 37. Ne3 Kd6 38. Ke2 Kc5 39. Kd2 Bf6 40. Kc2 Bh4 0-1

[Event "*** Titled Tuesday Blitz"]
[Site "Chess.com"]
[Date "2021.04.20"]
[Round "9"]
[White "Beca95"]
[Black "Salem-AR"]
[Result "0-1"]
[WhiteElo "2853"]
[BlackElo "2966"]
[TimeControl "180+1"]
[EndTime "11:45:13 PDT"]
[Termination "Salem-AR won by resignation"]

1. d4 d5 2. c4 e6 3. Nf3 Nf6 4.
Nc3 c6 5. Qb3 a5 6. a3 a4 7. Qc2 Nbd7 8. Bf4 dxc4 9. e4 b5 10.
Be2 Be7 11. g4 Nxg4 12. e5 f5 13. h3 Nh6 14. Rg1 Nf7 15. Rxg7 Nf8 16. Rg1 Ng6 17. Be3 Bb7 18. O-O-O Qa5 19. Na2 O-O-O 20. Kb1 c5 21. Ka1 Qa8 22. Ne1 f4 23. Bg4 fxe3 24. Bxe6+ Kb8 25.
Bxf7 Nxe5 26. fxe3 Nxf7 27. Qf5 Rhf8 28. Nc3 Qa5 29.
Nc2 Nd6 30. Qe5 Qc7 31. Rg7 Nf5 32. Qxc7+ Kxc7 33. Rxh7 cxd4 34. exd4 Rh8 35. Rf7 Rdf8 36. Nxb5+ Kd7 37. Rxf8 Rxf8 38. Nc3 Rh8 39. Nxa4 Rxh3 40. Nc3 Ne3 41. Nxe3 Rxe3 42. Ka2 Rd3 43. Rxd3 cxd3 44.
Kb1 Bg5 45. b4 Bf3 46. d5 Bf6 0-1

[Event "*** Titled Tuesday Blitz"]
[Site "Chess.com"]
[Date "2021.04.20"]
[Round "9"]
[White "MPGM"]
[Black "queen_iryna"]
[Result "0-1"]
[WhiteElo "2497"]
[BlackElo "2375"]
[TimeControl "180+1"]
[EndTime "11:45:13 PDT"]
[Termination "queen_iryna won on time"]

1. c4 d6 2. Nc3 e5 3. g3 f5 4.
Bg2 Nf6 5. e3 g6 6. Nge2 Bg7 7.
O-O Nc6 8. b3 O-O 9. Bb2 Bd7 10.
d3 Kh8 11. Qd2 Qe7 12. Rae1 Rae8 13. Nd5 Nxd5 14. cxd5 Nd8 15. Qa5 c6 16. Qxa7 cxd5 17. Nc3 Bc6 18. Nxd5 Qf7 19. Qa5 Ne6 20. Qd2 Ng5 21.
e4 f4 22. gxf4 exf4 23. Bxg7+ Kxg7 24. Kh1 Bxd5 25. exd5 Qf6 26. Be4 f3 27. Rg1 h6 28.
a4 Qd4 29. Qe3 Qe5 30. a5 Rf4 31. Qb6 Rh4 32. Rg3 Re7 33. b4 Nxe4 34. dxe4 Qf4 35.
Reg1 g5 36. Qd4+ Kg8 37. Qd3 Qxe4 38. Qc3 Qxd5 39. Qc8+ Kg7 40. a6 bxa6 41. Qxa6 Qe5 42. Qb6 Rf7 43. b5 Rff4 44. Qc7+ Kg6 0-1

[Event "*** Titled Tuesday Blitz"]
[Site "Chess.com"]
[Date "2021.04.20"]
[Round "9"]
[White "yonaltimur"]
[Black "allejam"]
[Result "0-1"]
[WhiteElo "1754"]
[BlackElo "2155"]
[TimeControl "180+1"]
[EndTime "11:45:13 PDT"]
[Termination "allejam won by checkmate"]

1. e4 e5 2. Nf3 Nc6 3. Bb5 Nf6 4.
O-O Nxe4 5. d4 Nd6 6. Bxc6 dxc6 7. dxe5 Nf5 8. Qxd8+ Kxd8 9. c4 Be6 10. b3 Ke8 11.
Nc3 Rd8 12. Bg5 Be7 13. Bxe7 Kxe7 14. Rad1 h5 15. h3 a6 16. Rxd8 Rxd8 17. Rd1 Rxd1+ 18. Nxd1 c5 19. Kf1 c6 20. Ke2 Nd4+ 21. Ke3 Nxf3 22. Kxf3 Bf5 23. Nc3 Ke6 24. Na4 Kxe5 25. Nxc5 Bc8 26.
Ke3 g5 27. Nd3+ Kd6 28. Kd4 f5 29. c5+ Ke6 30. f4 g4 31. hxg4 fxg4 32. g3 Kf5 33. Ne1 h4 34. gxh4 Kxf4 35. h5 Kg5 36. Ng2 Kxh5 37. Ke4 Kg5 38. a3 Be6 39. Ne3 Bxb3 40. Ke5 g3 41. Kd6 Kf4 42. Ng2+ Kf3 43. Nh4+ Kg4 44.
Ng2 Bd5 45. Ne3+ Kf3 46. Nf5 g2 47. Nh4+ Ke3 48. Nxg2+ Bxg2 49. Kc7 Kd4 50. Kxb7 Kxc5 51. Kxa6 Bf1+ 52. Ka5 Kd4 53. Kb4 c5+ 54. Kb3 c4+ 55. Kc2 Bd3+ 56. Kd2 c3+ 57. Kc1 Bb5 58. Kd1 Kd3 59.
Kc1 Ba4 60. Kb1 Kd2 61. Ka1 c2 62. Ka2 Kc3 63. Ka1 c1=Q+ 64. Ka2 Qb2# 0-1

[Event "*** Titled Tuesday Blitz"]
[Site "Chess.com"]
[Date "2021.04.20"]
[Round "9"]
[White "MMSANCHEZ"]
[Black "Harald_Schmidt"]
[Result "1-0"]
[WhiteElo "2551"]
[BlackElo "2399"]
[TimeControl "180+1"]
[EndTime "11:45:14 PDT"]
[Termination "MMSANCHEZ won on time"]

1. d4 Nf6 2. c4 d6 3. Nc3 e5 4.
Nf3 exd4 5. Nxd4 Nc6 6. Nxc6 bxc6 7. g3 g6 8. Bg2 Bd7 9. O-O Bg7 10. Qa4 c5 11. Qc2 Rb8 12. b3 O-O 13. Bb2 Re8 14.
e3 h5 15. Rad1 h4 16. Nd5 Nxd5 17. Bxd5 Qg5 18. Bxg7 Kxg7 19. Qc3+ Qf6 20. Qxf6+ Kxf6 21. Kg2 a5 22. Kf3 hxg3 23. hxg3 a4 24. Rd3 Rb4 25. Rh1 axb3 26. axb3 Reb8 27. Rh4 Be6 28. Rf4+ Ke7 29. Bxe6 Kxe6 30. Re4+ Kf6 31. Rd1 Rxb3 32. Rh1 Kg7 33.
Re7 Rb2 34. Rh4 Rc2 35. Rf4 Rf8 36. Rxc7 Rd2 37. g4 g5 38. Rf5 Kg6 39. Rd7 f6 40. Rd5 Rc2 41. R7xd6 Rxc4 42. Rc6 Rf7 43. Rcxc5 1-0

[Event "*** Titled Tuesday Blitz"]
[Site "Chess.com"]
[Date "2021.04.20"]
[Round "9"]
[White "Andrii_Prydun"]
[Black "woodhy"]
[Result "0-1"]
[WhiteElo "2342"]
[BlackElo "2496"]
[TimeControl "180+1"]
[EndTime "11:45:15 PDT"]
[Termination "woodhy won on time"]

1. d4 Nf6 2. Nc3 d5 3. Bf4 Bf5 4. f3 Nbd7 5. e3 e6 6. g4 Bg6 7. h4 h5 8. g5 Ng8 9. Bd3 Bxd3 10.
Qxd3 Bd6 11. g6 Bxf4 12. exf4 Qf6 13. gxf7+ Qxf7 14. Nh3 O-O-O 15. O-O-O Nh6 16. Rde1 Rde8 17. Rhg1 Qf6 18. Qd2 Nf5 19. Nb5 a6 20. Nc3 Nxd4 21.
Ng5 Nf5 22. Qf2 Kb8 23. Rd1 Nd6 24. Ne2 Nc4 25. c3 Re7 26. Kb1 Rf8 27. Nd4 Qxf4 28. Rge1 Nc5 29. Nc6+ bxc6 30. Qxc5 Qd6 31. Qf2 e5 32.
Qg1 Ka8 33. Ne4 Qd7 34. Nc5 Qc8 35. Re2 Qb8 36. Qg5 Ree8 37. b3 Qb6 38. Ka1 Qxc5 39. bxc4 Qxc4 40. Qe3 Rb8 41. Rg1 Rb7 42. Rxg7 Rfb8 43.
Rg1 d4 44. cxd4 exd4 45. Qd2 d3 46. Re4 Qc2 0-1

[Event "*** Titled Tuesday Blitz"]
[Site "Chess.com"]
[Date "2021.04.20"]
[Round "9"]
[White "RzayevB"]
[Black "frederiksvane"]
[Result "0-1"]
[WhiteElo "2616"]
[BlackElo "2763"]
[TimeControl "180+1"]
[EndTime "11:45:16 PDT"]
[Termination "frederiksvane won on time"]

1. e4 c5 2. Nf3 g6 3. g3 Nc6 4. Bg2 Bg7 5. O-O e5 6. c3 Nge7 7. d3 O-O 8. a3 a5 9. a4 d6 10. Na3 h6 11. Nb5 Na7 12. Nd2 Nxb5 13. axb5 b6 14. Nc4 Qc7 15. f4 Be6 16. Qe2 Rae8 17.
Bd2 exf4 18. gxf4 d5 19. Ne5 dxe4 20. dxe4 f5 21. Rae1 Kh7 22. h4 Bxe5 23. fxe5 Qxe5 24. exf5 Qxe2 25. fxg6+ Nxg6 26. Rxe2 Rxf1+ 27. Bxf1 Nxh4 28. Rf2 Bd5 29. Bd3+ Kg7 30. c4 Nf3+ 31. Kg2 Ne1+ 32.
Kh2 Nxd3 33. Bc3+ Kh7 34. Rf6 Be6 35. b3 Nc1 36. Bd2 Nxb3 37. Rxh6+ Kg7 38. Bg5 Nd4 39.
Kg2 Rg8 0-1

[Event "*** Titled Tuesday Blitz"]
[Site "Chess.com"]
[Date "2021.04.20"]
[Round "9"]
[White "Michaelson_11"]
[Black "kuba2006"]
[Result "1-0"]
[WhiteElo "2235"]
[BlackElo "2322"]
[TimeControl "180+1"]
[EndTime "11:45:16 PDT"]
[Termination "Michaelson_11 won on time"]

1. e4 Nf6 2. e5 Nd5 3. d4 d6 4.
c4 Nb6 5. exd6 exd6 6. Bf4 Be7 7. Nc3 O-O 8. Be2 Bf6 9. h3 Nc6 10. Nf3 d5 11. c5 Nc4 12. b3 N4a5 13. O-O b6 14.
cxb6 axb6 15. Nb5 Ba6 16. Nxc7 Bxe2 17. Qxe2 Rc8 18. Nb5 Re8 19. Qd2 Nb7 20. Rac1 Re4 21.
Bg3 h5 22. Rc2 h4 23. Bh2 Ne7 24. Rfc1 Rxc2 25. Qxc2 Nf5 26. Bc7 Qe8 27. a4 Nxd4 28. Nbxd4 Bxd4 29. Nxd4 Rxd4 30. Bxb6 Re4 31. Qc8 Re1+ 32.
Kh2 f5 33. Qxe8+ Rxe8 34. a5 Ra8 35. b4 Kf8 36. Rc7 Nd8 37. Rd7 Ne6 38. Rxd5 Ke7 39.
Rxf5 g6 40. Re5 Kd6 41. Re4 Kd5 42. Rxh4 1-0

[Event "*** Titled Tuesday Blitz"]
[Site "Chess.com"]
[Date "2021.04.20"]
[Round "9"]
[White "Korchmar_Vasiliy"]
[Black "AlexTriapishko"]
[Result "1-0"]
[WhiteElo "2675"]
[BlackElo "2883"]
[TimeControl "180+1"]
[EndTime "11:45:18 PDT"]
[Termination "Korchmar_Vasiliy won by checkmate"]

1. d4 Nf6 2. Nf3 e6 3. Bf4 c5 4. c3 b6 5. e3 Bb7 6. a3 Be7 7. h3 O-O 8. Nbd2 d6 9. Bd3 Nbd7 10. Qe2 a6 11. O-O b5 12. e4 cxd4 13. cxd4 g6 14. Rad1 Rc8 15. Bh6 Re8 16. e5 dxe5 17. dxe5 Nd5 18. Ne4 Nc5 19. Bb1 Nxe4 20. Bxe4 Rc4 21. Bd3 Rc7 22. Be4 Rc4 23. Rfe1 Qc7 24. Rc1 Rc8 25.
Bxd5 Bxd5 26. Rxc4 bxc4 27. Ng5 Qb7 28. Qg4 Bf8 29. Qh4 Be7 30. Qf4 Bf8 31. Bxf8 Rxf8 32. Qh4 h5 33. g4 Qxb2 34. gxh5 Qc3 35. Re3 Qa1+ 36. Kh2 Qh1+ 37. Kg3 Qg2+ 38. Kf4 Kg7 39. h6+ Kh8 40. Ne4 Bxe4 41. Qf6+ Kh7 42. Qg7# 1-0

[Event "*** Titled Tuesday Blitz"]
[Site "Chess.com"]
[Date "2021.04.20"]
[Round "9"]
[White "yuki_chess123"]
[Black "CM_rui"]
[Result "1-0"]
[WhiteElo "2278"]
[BlackElo "2453"]
[TimeControl "180+1"]
[EndTime "11:45:18 PDT"]
[Termination "yuki_chess123 won by checkmate"]

1. e4 e5 2. Nf3 Nc6 3. Bb5 a6 4.
Bxc6 dxc6 5. Nc3 Bg4 6. h3 Bxf3 7. Qxf3 Nf6 8. d3 Bb4 9. Qg3 Qd6 10. O-O O-O-O 11. f4 Bxc3 12. bxc3 Qc5+ 13. Be3 exf4 14. Bxc5 fxg3 15. Be7 Rd7 16. Bxf6 gxf6 17. Rxf6 Rg8 18. Raf1 Rg7 19. R1f3 c5 20. c4 c6 21. R3f5 Kc7 22.
Rxc5 Kb6 23. Rcf5 a5 24. a4 Ka6 25. Kf1 Kb6 26. Ke2 Re7 27. Kf3 Ka6 28. Kf4 Rc7 29. h4 b6 30. Rg5 Rxg5 31. hxg5 Kb7 32. Rh6 b5 33. cxb5 cxb5 34. axb5 Rxc2 35. Kxg3 Rc3 36. Rxh7 Rxd3+ 37. Kf4 a4 38. g6 a3 39. Rxf7+ Kb6 40. g7 a2 41. g8=Q a1=Q 42. Qb8+ Kc5 43. Qe5+ Qxe5+ 44. Kxe5 Kxb5 45. g4 Kc5 46. g5 Rg3 47.
Rg7 Rg1 48. g6 Kc6 49. Ke6 Rg4 50. e5 Rg5 51. Rg8 Rg1 52. g7 Kc7 53. Ke7 Rg5 54.
Kf6 Rg2 55. Ra8 Rf2+ 56. Ke6 Kb7 57. g8=Q Rc2 58. Qb8+ Kc6 59. Qc8+ Kb5 60. Qxc2 Kb4 61. Rb8+ Ka5 62. Qa2# 1-0

[Event "*** Titled Tuesday Blitz"]
[Site "Chess.com"]
[Date "2021.04.20"]
[Round "9"]
[White "zubridis"]
[Black "Vuk2000"]
[Result "0-1"]
[WhiteElo "2553"]
[BlackElo "2736"]
[TimeControl "180+1"]
[EndTime "11:45:21 PDT"]
[Termination "Vuk2000 won on time"]

1. e4 e6 2. d4 d5 3. Nd2 Be7 4. Ngf3 Nf6 5. Bd3 c5 6. e5 Nfd7 7. c3 b6 8. a4 Ba6 9. Bb5 O-O 10. O-O Qc8 11. Qe2 Bxb5 12. axb5 cxd4 13. Nxd4 Bc5 14. N2b3 Bxd4 15. Nxd4 Qc4 16. Qe3 Nc5 17. Rd1 Nbd7 18. Ra3 Nb7 19. Qg3 Kh8 20. Bf4 a5 21.
bxa6 Na5 22. Rda1 Nc5 23. Qe3 Nab3 24. Nxb3 Nxb3 25. Ra4 Qc6 26. R1a3 Nc5 27. Rb4 Rfb8 28. h4 Rxa6 29. Rxa6 Nxa6 30. Rd4 Nc5 31. h5 Nb3 32.
Rb4 Na5 33. h6 Nc4 34. Qg3 Rg8 35. hxg7+ Rxg7 36. Qh4 Qe8 37. Qf6 Kg8 38. b3 Rg6 39.
Qh4 Nb2 40. Rxb6 Nd3 41. Rd6 Kg7 42. Bg5 Nxe5 0-1

[Event "*** Titled Tuesday Blitz"]
[Site "Chess.com"]
[Date "2021.04.20"]
[Round "9"]
[White "Artyom_ChessMate"]
[Black "vovachesss"]
[Result "1-0"]
[WhiteElo "2561"]
[BlackElo "2680"]
[TimeControl "180+1"]
[EndTime "11:45:21 PDT"]
[Termination "Artyom_ChessMate won by resignation"]

1. e4 e5 2. Nf3 d5 3. Nxe5 Bd6 4. d4 dxe4 5. Bc4 Bxe5 6. Qh5 Qe7 7. Qxe5 Qxe5 8. dxe5 Nc6 9. Nc3 Nxe5 10. Bb3 Bf5 11. Bf4 f6 12. O-O-O c6 13. Rhe1 Rd8 14. Nxe4 Rxd1+ 15.
Kxd1 Bxe4 16. Rxe4 Ne7 17. Bxe5 fxe5 18. Rxe5 Kd7 19. c3 Rd8 20. f3 Ng6 21. Re4 b5 22. Ke2 a5 23. a4 Rf8 24. g3 Kd6 25. h4 Ne5 26. f4 Nd7 27. Re6+ Kc5 28. Re7 bxa4 29. Bxa4 Nb6 30. Bc2 Nd5 31. Rxg7 Rb8 32. b4+ axb4 33. cxb4+ Rxb4 34. Bxh7 Kd4 35. Rd7 Rb2+ 36.
Kf3 Rb3+ 37. Kg4 Ke3 38. Kg5 Kf3 39. Bg8 Rb5 40. Bxd5+ cxd5 41. g4 Ke4 42. Re7+ Kf3 43. h5 d4+ 44. f5 d3 45. Rd7 Ke4 46. h6 Rb8 47. h7 Ke3 48. Kg6 d2 49. g5 Ke2 50. f6 Rh8 51. Kg7 Rd8 52. Rxd8 1-0

[Event "*** Titled Tuesday Blitz"]
[Site "Chess.com"]
[Date "2021.04.20"]
[Round "9"]
[White "KubaGepard"]
[Black "AlexSuv"]
[Result "0-1"]
[WhiteElo "2414"]
[BlackElo "2568"]
[TimeControl "180+1"]
[EndTime "11:45:21 PDT"]
[Termination "AlexSuv won by resignation"]

1. e4 c5 2. Nf3 e6 3. d4 cxd4 4.
Nxd4 Nc6 5. Nc3 Qc7 6. Be3 a6 7. a3 Nf6 8. Be2 b5 9. Nxc6 dxc6 10. f4 e5 11. O-O Bd6 12. f5 Qe7 13. Kh1 Bc5 14. Bg5 h6 15. Bh4 Bb7 16. Qe1 O-O-O 17. Qg3 Rhg8 18. Bd3 Bd4 19. Rab1 c5 20. Nd5 Bxd5 21.
exd5 c4 22. Be2 Qd6 23. Bf3 Rde8 24. c3 Bc5 25. Rbe1 e4 26. Qxd6 Bxd6 27. Bxf6 exf3 28.
Bd4 fxg2+ 29. Kxg2 Kd7 30. h3 g6 31. Rxe8 Kxe8 32.
f6 Kd7 33. Re1 g5 34. Kf3 h5 35. Rg1 Rg6 36. Rg2 Bf8 37. Ke4 Bh6 38. Be5 g4 39.
hxg4 hxg4 40. Kf5 Rg5+ 41. Ke4 Rg6 42. a4 bxa4 43. Kd4 Bg5 44. Rxg4 Be3+ 45. Kxe3 Rxg4 46. Kf3 Rh4 47. Bg3 Rh6 48. Be5 Rh5 49. Ke4 Rh4+ 50. Kf3 Rh1 51. Ke4 Rb1 52. Kd4 Rxb2 53. Kxc4 a3 54.
Kd4 a2 55. c4 a1=Q 0-1

[Event "*** Titled Tuesday Blitz"]
[Site "Chess.com"]
[Date "2021.04.20"]
[Round "9"]
[White "Jungle_Jaguar"]
[Black "sorrm8thatscheckm8"]
[Result "1-0"]
[WhiteElo "2711"]
[BlackElo "2578"]
[TimeControl "180+1"]
[EndTime "11:45:22 PDT"]
[Termination "Jungle_Jaguar won by resignation"]

1. e4 e6 2. d4 d5 3. Nc3 Nf6 4.
Bg5 Be7 5. e5 Nfd7 6. Bxe7 Qxe7 7. f4 a6 8. Nf3 c5 9. Qd2 Nc6 10. dxc5 Nxc5 11. Bd3 b5 12. O-O Bb7 13. Rae1 O-O-O 14. Kh1 Ne4 15. Qe3 Nxc3 16. bxc3 Qc7 17. Rb1 d4 18.
cxd4 Ne7 19. c4 bxc4 20. Bxc4 Qxc4 21. Rfc1 Qxc1+ 22. Qxc1+ Kb8 23. Ng5 Rd7 24. Nxf7 Rc8 25. Qa3 Nf5 26. Nd6 Nxd6 27. exd6 Rc6 28. h3 Rcxd6 29. Rb4 Ka7 30. Kh2 Rc6 31. Qb3 Rdc7 32. a4 Rd6 33. a5 Ka8 34. Rb6 Rxd4 35. Qxe6 Rd2 36. Rxa6+ Kb8 37. Kg3 Rxg2+ 38. Kh4 Rgc2 39. Qe8+ Rc8 40. Qe5+ R8c7 41. Rb6 Rc5 42. Qe8+ Rc8 43.
Qe7 R8c7 44. Qf8+ Rc8 45. Qd6+ R8c7 46. a6 g5+ 47. fxg5 Rc4+ 48. Kh5 Kc8 49. axb7+ Rxb7 50. Qe6+ 1-0

[Event "*** Titled Tuesday Blitz"]
[Site "Chess.com"]
[Date "2021.04.20"]
[Round "9"]
[White "Shahaliyev"]
[Black "Mikasinski"]
[Result "0-1"]
[WhiteElo "2647"]
[BlackElo "2532"]
[TimeControl "180+1"]
[EndTime "11:45:22 PDT"]
[Termination "Mikasinski won by checkmate"]

1. e4 c5 2. Nf3 d6 3. d4 cxd4 4. Nxd4 Nf6 5. Nc3 g6 6. Be3 Bg7 7. Qd2 O-O 8. O-O-O Ng4 9. Bg5 Nc6 10. Nb3 a6 11. f3 Nf6 12. Bh6 b5 13. h4 Be6 14.
h5 b4 15. Nd5 Bxd5 16. exd5 Ne5 17. hxg6 fxg6 18. Bxg7 Kxg7 19. Nd4 Kf7 20. Nc6 Nxc6 21.
dxc6 Qa5 22. Bc4+ Ke8 23. Rhe1 d5 24. Bxd5 Rd8 25. Qe2 Qc7 26. Bc4 Rxd1+ 27. Rxd1 Qxc6 28. Bxa6 Qc7 29. Qe6 Rf7 30. Bc4 Rg7 31. g4 Kf8 32. Kb1 Ne8 33. f4 Qc5 34. Bb3 h5 35. g5 h4 36. Rf1 Nd6 37. a3 bxa3 38. Qh3 axb2 39. Qxh4 Nc4 40. Qe1 Qa3 41. Ba2 Ne3 42. Rf2 Nd5 43.
c4 Nc3+ 44. Kc2 Nxa2 45. Qe5 Nb4+ 46. Kd2 Qd3+ 47. Ke1 b1=Q# 0-1

[Event "*** Titled Tuesday Blitz"]
[Site "Chess.com"]
[Date "2021.04.20"]
[Round "9"]
[White "scarabee43"]
[Black "Sergey85Rodchenkov"]
[Result "1-0"]
[WhiteElo "2640"]
[BlackElo "2505"]
[TimeControl "180+1"]
[EndTime "11:45:23 PDT"]
[Termination "scarabee43 won by resignation"]

1. d4 Nf6 2. c4 e6 3. Nf3 b6 4. a3 Bb7 5. Bf4 Ne4 6. Nbd2 f5 7.
Nxe4 Bxe4 8. e3 Be7 9. Bd3 Bb7 10. d5 O-O 11. O-O exd5 12. Qc2 g6 13. cxd5 Bxd5 14. Bxc7 Qc8 15. e4 Be6 16. exf5 Bxf5 17. Bxf5 Rxf5 18.
Qe4 Nc6 19. Bg3 Bf6 20. Rad1 Qe8 21. Qc4+ Qe6 22. Qc2 Rf8 23. Rd6 Qf7 24. Rfd1 Rc5 25. Qd2 Rd8 26. b4 Rf5 27. Rxd7 Rxd7 28. Qxd7 Qxd7 29. Rxd7 a5 30. Rd6 axb4 31. axb4 Nxb4 32. Rxb6 Nd3 33. h3 h5 34. Rd6 Nc5 35. Nd2 Kf7 36.
f3 h4 37. Bf2 Ne6 38. Ne4 Be7 39. Rd7 Ke8 40. Ra7 Nf4 41. Kh2 Rb5 42. Bxh4 g5 43. Bxg5 Rxg5 44. Rxe7+ Kxe7 45. Nxg5 Kf6 46. Ne4+ Kf5 47.
g3 Nd3 48. Kg2 Ne5 49. h4 Ng6 50. h5 Ne5 51. Nf2 Kg5 52. f4+ 1-0

[Event "*** Titled Tuesday Blitz"]
[Site "Chess.com"]
[Date "2021.04.20"]
[Round "9"]
[White "djano"]
[Black "Kale36"]
[Result "0-1"]
[WhiteElo "2458"]
[BlackElo "2329"]
[TimeControl "180+1"]
[EndTime "11:45:24 PDT"]
[Termination "Kale36 won on time"]

1. c4 Nc6 2. Nc3 e5 3. g4 Bc5 4.
e3 d6 5. a3 a5 6. Bg2 h5 7.
gxh5 Qh4 8. Nd5 Kd8 9. Bf3 Nf6 10. d3 Nxd5 11. cxd5 Ne7 12. Bd2 Nf5 13. Qe2 Re8 14. O-O-O b5 15. Be4 b4 16. a4 Nh6 17. Nf3 Qxh5 18.
Rhg1 Bg4 19. h3 Bxf3 20. Bxf3 Qf5 21. Rxg7 Qf6 22. Rdg1 Nf5 23. e4 Nd4 24. Bg5 Nxe2+ 25. Bxe2 Qxg5+ 26. R1xg5 Bxf2 27. Rf5 Be3+ 28. Kc2 Rf8 29.
Rfxf7 Rxf7 30. Rxf7 Kc8 31. Bg4+ Kb7 32. Bd7 Rh8 33.
Kb3 Rg8 34. Bg4 Kb6 35. Kc4 Bd4 36. b3 Rh8 37. Rf1 Rh4 38. Rf8 Ka7 39. Kb5 Rh7 40.
Kc6 Re7 41. Bd7 Bb6 42. Rh8 Rg7 43. h4 Rg2 44. h5 Rc2+ 0-1

[Event "*** Titled Tuesday Blitz"]
[Site "Chess.com"]
[Date "2021.04.20"]
[Round "9"]
[White "Vaathi_Coming"]
[Black "Supernotar"]
[Result "1/2-1/2"]
[WhiteElo "2894"]
[BlackElo "2693"]
[TimeControl "180+1"]
[EndTime "11:45:26 PDT"]
[Termination "Game drawn by repetition"]

1. Nf3 d5 2. c4 e6 3. cxd5 exd5 4. d4 Nf6 5. Nc3 Be7 6. Bg5 c6 7. e3 O-O 8. Bd3 Nbd7 9. Qc2 Re8 10. h4 Nf8 11.
O-O-O Be6 12. Ne5 c5 13. f4 c4 14. Be2 b5 15. Nc6 Qc7 16. Nxe7+ Rxe7 17. Bxf6 gxf6 18. Bf3 Rd8 19. Nxb5 Qd7 20. Nc3 f5 21. Rdg1 Kh8 22. h5 h6 23. Rh4 Nh7 24. Rh3 Rg8 25. Qf2 Qd6 26. Qh4 Rb7 27. Rd1 Rgb8 28. Rd2 Qa6 29. Kd1 Qa5 30. Qf2 Nf6 31. Rc2 Ng4 32. Qd2 Qb4 33.
Nxd5 Qxd2+ 34. Kxd2 Rxb2 35. Nc3 Rxc2+ 36. Kxc2 Nxe3+ 37.
Kd2 Ng4 38. d5 Bd7 39. Rh1 Rb2+ 40. Kc1 Rf2 41. Re1 Kg7 42. Re7 Bc8 43. Rxa7 Ne3 44. Nb5 Rc2+ 45. Kb1 c3 46. Nd6 Rb2+ 47.
Kc1 Rc2+ 48. Kb1 Rb2+ 49. Kc1 Rc2+ 50. Kb1 1/2-1/2

[Event "*** Titled Tuesday Blitz"]
[Site "Chess.com"]
[Date "2021.04.20"]
[Round "9"]
[White "dpopadic"]
[Black "Matols"]
[Result "1-0"]
[WhiteElo "2373"]
[BlackElo "2263"]
[TimeControl "180+1"]
[EndTime "11:45:26 PDT"]
[Termination "dpopadic won by checkmate"]

1. e4 e6 2. Nf3 d5 3. e5 c5 4. b4 cxb4 5. d4 Nc6 6. a3 Bd7 7.
axb4 Bxb4+ 8. c3 Be7 9. Bd3 Nh6 10. O-O Nf5 11. Re1 O-O 12. Nbd2 Rc8 13. Nf1 a6 14. Ng3 Na7 15. Bd2 Nxg3 16. hxg3 Bb5 17. Bb1 Bc4 18. Nh2 Nb5 19. Qh5 g6 20. Qh3 f5 21.
exf6 Bxf6 22. Qxe6+ Kh8 23. Ng4 Bg7 24. Bh6 Qd6 25. Qe3 Rf7 26. Bxg7+ Kxg7 27. Qh6+ Kg8 28.
Ne5 Rg7 29. Re3 Rf8 30. Ba2 Qf6 31. Rf3 Qe7 32. Rxf8+ Qxf8 33. Nxc4 dxc4 34. Bxc4+ Kh8 35. Bxb5 axb5 36. Re1 Rf7 37. Qxf8+ Rxf8 38. Re7 Rc8 39. Rxb7 Rxc3 40. Rxb5 Rc1+ 41. Kh2 Rd1 42. Rd5 Kg7 43. Rd7+ Kh6 44. f4 Rd2 45. g4 Rd3 46. g3 Rd2+ 47.
Kh3 Rd3 48. g5+ Kh5 49. Rxh7# 1-0